 Dungeon Crawl Stone Soup version 0.22-a0-525-gf69a080 (webtiles) character file.

156 kae the Skirmisher (level 5, 0/47 HPs)
             Began as a Minotaur Fighter on June 20, 2018.
             Slain by an orc priest
             ... wielding a +0 flail
              (7 damage)
             ... on level 3 of the Dungeon.
             The game lasted 00:01:32 (2155 turns).

kae the Skirmisher (Minotaur Fighter)               Turns: 2155, Time: 00:01:34

Health: 0/47       AC:  8    Str: 20    XL:     5   Next: 15%
Magic:  4/4        EV:  8    Int:  6    God:
Gold:   78         SH:  9    Dex: 10    Spells: 4/4 levels left

rFire    . . .     SeeInvis .   p - +0 falchion
rCold    . . .     Gourm    .   c - +0 shield
rNeg     . . .     Faith    .   b - +0 scale mail
rPois    .         Spirit   .   (helmet restricted)
rElec    .         Reflect  .   o - +0 cloak
rCorr    .         Harm     .   (no gloves)
MR       .....                  (no boots)
Stlth    ..........             (no amulet)
HPRegen  0.15/turn              (no ring)
MPRegen  0.09/turn              (no ring)

@: no status effects
A: retaliatory headbutt, horns 2
a: no special abilities


You were on level 3 of the Dungeon.
You were hungry.

You visited 1 branch of the dungeon, and saw 3 of its levels.

You collected 78 gold pieces.

Inventory:

Hand Weapons
 a - a +0 long sword
 p - a +0 falchion (weapon)
Armour
 b - a +0 scale mail (worn)
 c - a +0 shield (worn)
 o - a +0 cloak (worn)
Jewellery
 s - an uncursed ring of poison resistance {unknown}
Scrolls
 g - a scroll of amnesia {unknown}
 i - a scroll of enchant weapon {unknown}
 j - 2 scrolls of magic mapping {unknown}
 k - a scroll of remove curse {unknown}
 l - 2 scrolls of identify
 r - a scroll of teleportation {unknown}
Potions
 d - a potion of might
 e - a potion of flight
 h - a potion of brilliance {unknown}
 m - a potion of curing {unknown}
 n - a potion of heal wounds {unknown}
Comestibles
 f - 6 rations
 q - a chunk of flesh


   Skills:
 + Level 4.5 Fighting
 * Level 4.4 Long Blades
 + Level 4.5 Armour
 + Level 2.2 Dodging
 - Level 3.6 Shields


You had 4 spell levels left.
You didn't know any spells.
Your spell library was empty.

Dungeon Overview and Level Annotations

Branches:
Dungeon (3/15)

Altars:
Ru
Sif Muna

Annotations:
D:3 1 runed door, ilikecats's ghost, weakling DrMo


Innate Abilities, Weirdness & Mutations

You reflexively headbutt those who attack you in melee.
You have a pair of horns on your head.


Message History

You are too injured to fight recklessly!
You are too injured to fight recklessly!
There are monsters nearby!
You are too injured to fight recklessly!
You are too injured to fight recklessly!
Your shield and scale mail prevent you from hitting the orc priest.
You are feeling hungry.
The orc priest hits you with a club. The orc priest hits you with a flail.
You closely miss the orc priest. Your headbutt misses the orc priest.
The orc priest mumbles some strange prayers to Beogh against you.
Beogh smites you!
* * * LOW HITPOINT WARNING * * *
A hobgoblin comes into view. It is wielding a club.
The orc priest hits you but does no damage.
Your shield and scale mail prevent you from hitting the orc priest.
You headbutt the orc priest.
The orc priest is lightly wounded.
The orc priest hits you but does no damage.
The orc priest hits you with a flail!
You die...

#........#
#....#####
#.......#
#.......#
#.......####
######.....#
#.....#
###...#####.#
##..@o..g.#
#...o...##
#########


You could see 2 orc priests and a hobgoblin.

Vanquished Creatures
  5 adders
  2 oozes
  3 worms
  3 dart slugs
  6 orcs (D:3)
  8 bats
  8 giant cockroaches
  11 goblins
  12 hobgoblins
  4 jackals
  A quokka (D:3)
  3 frilled lizards
  4 kobolds
  8 rats
78 creatures vanquished.

Notes
Turn   | Place    | Note
-------+----------+-------------------------------------------
     0 | D:1      | kae the Minotaur Fighter began the quest for the Orb.
     0 | D:1      | Reached XP level 1. HP: 19/19 MP: 0/0
   257 | D:1      | Reached XP level 2. HP: 22/27 MP: 1/1
   306 | D:1      | Reached skill level 1 in Dodging
   480 | D:1      | Reached XP level 3. HP: 22/33 MP: 2/2
  1258 | D:2      | Found a deep blue altar of Sif Muna.
  1313 | D:2      | Reached XP level 4. HP: 39/40 MP: 3/3
  1419 | D:2      | Found a sacrificial altar of Ru.
  1988 | D:3      | Found a runed door.
  1988 | D:3      | Noticed ilikecats's ghost (weakling DrMo)
  2060 | D:3      | Reached XP level 5. HP: 43/47 MP: 4/4
  2155 | D:3      | Slain by an orc priest

Vault maps used:
D:1:      tarquinn_simple_flora_water_e, serial_corexii_hall,
          corexii_hall_statues_s, corexii_hall_statues_u,
          corexii_hall_statues_s, corexii_hall_statues_i, due_unseen_surprise
D:2:      nicolae_ru_sacrificial_ziggurat, lemuel_coloured_pillars_altar,
          serial_curves, eino_curves_03, eino_curves_01, first_ration
D:3:      minmay_diamond_boxcup, evilmike_ruin_ashenzari, marbit_many_paths,
          gammafunk_ghost_grave

Skill      XL: |  1  2  3  4 |
---------------+-------------+-----
Long Blades    | 3 4 |  4.4
Dodging        | 1 2 |  2.2
Fighting       | 4 |  4.5
Armour         | 4 |  4.5
Shields        | |  3.6

Action                   |  1- 3 |  4- 6 || total
-------------------------+-------+-------++-------
Melee: Long sword        |   126 |    48 ||   174
       Headbutt          |    16 |    12 ||    28
       Falchion          |       |    58 ||    58
  Use: Scroll            |     6 |       ||     6
  Eat: Chunk             |     1 |     3 ||     4
Armor: Scale mail        |    77 |    53 ||   130
Dodge: Dodged            |    36 |    44 ||    80
Block: Shield            |    76 |    64 ||   140
       Rpst.: Long sword |    11 |     8 ||    19
       Falchion          |       |     3 ||     3

Table legend:
 A = Spawn XP
 B = Non-spawn XP
 C = Spawn XP percentage of total XP
 D = Spawn monster count
 E = Non-spawn monster count
 F = Spawn count percentage of total count
 G = Total turns spent on level
                    A         B        C        D         E        F      G
               +---------+---------+-------+---------+---------+-------+---------
         Total |       0 |     224 |   0.0 |       0 |      78 |   0.0 |  2155
               +---------+---------+-------+---------+---------+-------+---------
           D:1 |       0 |      55 |   0.0 |       0 |      28 |   0.0 |   903
           D:2 |       0 |      92 |   0.0 |       0 |      22 |   0.0 |   890
           D:3 |       0 |      77 |   0.0 |       0 |      28 |   0.0 |   362
               +---------+---------+-------+---------+---------+-------+---------
